 Dungeon Crawl Stone Soup version 0.31.0-32-g396128a36d (webtiles) character file.

Game seed: 9573419534430578991

1164 PaiMei the Grave Robber (level 8, -5/53 HPs)
             Began as a Demonspawn Necromancer on Apr 16, 2024.
             Killed from afar by Pikel (25 damage)
             ... with an iceblast
             ... on level 6 of the Dungeon.
             The game lasted 00:06:50 (5984 turns).

PaiMei the Grave Robber (Demonspawn Necromancer)    Turns: 5984, Time: 00:06:50

Health: -5/53      AC: 10    Str: 10    XL:     8   Next: 17%
Magic:  15/15      EV: 16    Int: 17    God:
Gold:   231        SH:  0    Dex: 13    Spells: 8/16 levels left

rFire   . . .        j - +7 hammer "Talul" {elec, Stlth+}
rCold   . . .        (no shield)
rNeg    + . .        m - +1 ring mail of Fortitude {rPois rN+ Slay+3 Stlth+}
rPois   +            (no helmet)
rElec   .            (no cloak)
rCorr   .            (no gloves)
SInv    .            (no boots)
Will    .....        (no amulet)
Stlth   ++++         g - +4 ring of protection
HPRegen 0.28/turn    (no ring)
MPRegen 0.28/turn

%: no passive effects
@: mighty, agile
A: powered by pain 2, magic regeneration, weakness stinger 2
a: no special abilities


You were on level 6 of the Dungeon.
You visited 1 branch of the dungeon, and saw 6 of its levels.

You collected 231 gold pieces.

Inventory:

Hand Weapons
 j - the +7 hammer "Talul" (weapon) {elec, Stlth+}
   (You found it on level 2 of the Dungeon)

   Stlth+:    It makes you more stealthy.
 u - a +2 dagger of venom
Armour
 m - the +1 ring mail of Fortitude (worn) {rPois rN+ Slay+3 Stlth+}
   (You took it off a goblin on level 2 of the Dungeon)

   Slay+3:    It affects your accuracy & damage with ranged weapons and melee
   (+3).
   rPois:     It protects you from poison rN+: It protects you from negative
   energy.
   Stlth+:    It makes you more stealthy.
 w - an orb of guile
Jewellery
 g - a +4 ring of protection (left hand)
 p - an amulet of faith
 q - a ring of flight
 r - a ring of ice
Scrolls
 c - a scroll of vulnerability {unknown}
 d - 4 scrolls of fog {unknown}
 e - 4 scrolls of enchant armour {unknown}
 f - 4 scrolls of identify {unknown}
 k - 3 scrolls of teleportation {unknown}
 l - 2 scrolls of revelation {unknown}
 n - a scroll of amnesia {unknown}
 t - a scroll of fear {unknown}
 v - a scroll of noise {unknown}
Potions
 a - a potion of lignification {unknown}
 b - a potion of magic
 h - 4 potions of curing {unknown}
 i - 2 potions of mutation {unknown}
 o - a potion of attraction {unknown}
 s - 2 potions of heal wounds {unknown}
 x - 2 potions of might {unknown}


   Skills:
 + Level 0.7 Fighting
 + Level 4.7 Dodging
 - Level 5.0 Stealth
 + Level 4.7 Spellcasting
 + Level 6.9 Necromancy


You had 8 spell levels left.
You knew the following spells:

 Your Spells              Type           Power      Damage    Failure   Level
a - Necrotise             Necr           100%       1d9       2%          1
b - Vampiric Draining     Necr           27%        2d7       7%          3
c - Animate Dead          Necr           27%        N/A       22%         4

Your spell library contained the following spells:

 Spells                   Type           Power      Damage    Failure   Level
 Sublimation of Blood     Necr           27%        N/A       3%          2
 Call Imp                 Summ           8%         N/A       50%         2
 Curse of Agony           Necr           27%        N/A       52%         5
 Summon Hydra             Summ           2%         N/A       100%        7


Dungeon Overview and Level Annotations

Branches:
Dungeon (6/15)
 Temple: D:4-7

Altars:

Annotations:
D:2 1 runed translucent door, Crazy Yiuf
D:6 Pikel


Innate Abilities, Weirdness & Mutations

You sometimes gain power by taking damage.
You regenerate magic rapidly.
You have a tail ending in a sharp stinger.


Message History

You kill the lemure!
That felt strangely unrewarding.
The lemure misses you.
You hit the lemure.
The lemure is moderately wounded.
The lemure hits you.
You hit the lemure.
The lemure is moderately wounded.
The lemure hits you but does no damage.
You closely miss the lemure.
Your tail-slap misses the lemure.
The lemure is moderately wounded.
The lemure hits you but does no damage. The lemure closely misses you.
You miss the lemure.
The lemure is moderately wounded.
The lemure hits you but does no damage.
You sock the lemure!
The lemure is severely wounded.
The lemure closely misses you. x2
You completely miss the lemure.
The lemure is severely wounded.
The lemure hits you but does no damage.
You thump the lemure! Lightning courses through the lemure!
You kill the lemure!
That felt strangely unrewarding.
You start resting.
HP restored.
There is a stone staircase leading down here.
You climb downwards.
Level annotation: Pikel
There is a stone staircase leading up here.
Found a stone staircase leading down.
Pikel zaps a wand.
The mass of ice explodes!
The iceblast engulfs you!
You focus on the pain.
You feel very mighty all of a sudden.
Pikel says, "Dispater doesn't talk much, but I know they dig me."
Pikel zaps a wand.
The mass of ice explodes!
The iceblast engulfs you!!
You focus on the pain.
You feel agile all of a sudden.
You hear an angry hiss.
You hear a shout!
Pikel zaps a wand.
The mass of ice explodes!
The iceblast engulfs you!!
You die...
Pikel says, "See you in Hell!"

#### ############.†#
#........##...#
#........#.<#...#
#..........####.....
#........#.# ####.
#....>.@...#
#####....$..#
#..K.......
#...$..###..
#......# . ##>.####
#... #.#.


You could see Pikel.

Vanquished Creatures
  A black bear (D:4)
  An ogre (D:4)
  4 lemures (D:5)
  3 phantoms
  3 scorpions
  3 bombardier beetles
  2 howler monkeys (D:5)
  3 jellies
  3 hounds (D:5)
  An iguana (D:4)
  An orc wizard (D:4)
  2 sleepcaps (D:4)
  An adder (D:5)
  4 gnolls
  A dart slug (D:2)
  A ribbon worm (D:3)
  4 orcs
  3 bats
  4 endoplasms
  3 giant cockroaches
  6 goblins
  5 hobgoblins
  6 jackals
  5 quokkas
  4 ball pythons
  6 frilled lizards
  5 kobolds
  4 rats (D:2)
89 creatures vanquished.

Vanquished Creatures (collateral kills)
  An adder (D:2)
  A goblin (D:1)
  2 jackals (D:1)
  A bat (D:1)
5 creatures vanquished.

Grand Total: 94 creatures vanquished

Notes
Turn   | Place    | Note
-------+----------+-------------------------------------------
     0 | D:1      | PaiMei the Demonspawn Necromancer began the quest for the
                  | Orb.
     0 | D:1      | Reached XP level 1. HP: 13/13 MP: 3/3
   164 | D:1      | Gained mutation: You sometimes gain a little power by
                  | taking damage. [demonic ancestry]
   164 | D:1      | Reached XP level 2. HP: 11/19 MP: 0/5
   630 | D:1      | Gained mutation: You have a small tail. [demonic ancestry]
   630 | D:1      | Reached XP level 3. HP: 24/24 MP: 0/6
   634 | D:1      | Learned a level 3 spell: Vampiric Draining
   906 | D:2      | Identified the +7 hammer "Talul" {elec, Stlth+}
   909 | D:2      | Found a runed translucent door.
   910 | D:2      | Noticed Crazy Yiuf
  1222 | D:2      | Identified the +1 ring mail of Fortitude {rPois rN+ Slay+3
                  | Stlth+}
  2239 | D:3      | Gained mutation: You have a tail ending in a sharp stinger.
                  | [demonic ancestry]
  2239 | D:3      | Reached XP level 4. HP: 29/30 MP: 2/7
  2309 | D:2      | Reached skill level 5 in Necromancy
  3469 | D:4      | Noticed a phantom
  3478 | D:4      | Gained mutation: You regenerate magic rapidly. [demonic
                  | ancestry]
  3478 | D:4      | Reached XP level 5. HP: 7/35 MP: 9/9
  3900 | D:4      | Killed a phantom
  4004 | D:4      | Gained mutation: You sometimes gain power by taking damage.
                  | [demonic ancestry]
  4004 | D:4      | Reached XP level 6. HP: 41/41 MP: 5/10
  4630 | D:4      | Reached skill level 6 in Necromancy
  4630 | D:4      | Reached XP level 7. HP: 46/46 MP: 2/12
  4724 | D:5      | Entered Level 5 of the Dungeon
  5535 | D:5      | Reached skill level 5 in Stealth
  5535 | D:5      | Reached XP level 8. HP: 50/52 MP: 14/14
  5621 | D:5      | Learned a level 4 spell: Animate Dead
  5825 | D:6      | Noticed Pikel
  5984 | D:6      | Killed from afar by Pikel

Illustrated notes

Levels and vault maps discovered:
D:1:      sevenhm_arrival_forest_fort_small_6, layout_rooms,
          hangedman_glass_teeth
D:2:      layout_basic, kennysheep_pointless_box, uniq_crazy_yiuf_cottage
D:3:      layout_basic
D:4:      layout_rooms
D:5:      nicolae_cairo_tiling, layout_basic, kennysheep_generic_room_11
D:6:      layout_rooms, minmay_temple_entry_tees, uniq_pikel, uniq_edmund,
          uniq_duvessa

Skill      XL: |  1  2  3  4  5  6  7 |
---------------+----------------------+-----
Dodging        | 2 3 4 |  4.7
Stealth        | 2 3 4 5 |  5.0
Necromancy     | 5 6 |  6.9
Spellcasting   | 3 4 |  4.7
Fighting       | |  0.7

Action                     |  1- 3 |  4- 6 |  7- 9 || total
---------------------------+-------+-------+-------++-------
  Melee: Spear             |    22 |       |       ||    22
         Mace              |    14 |    28 |    40 ||    82
         Tailslap          |       |     7 |     5 ||    12
         Punch             |       |     1 |     1 ||     2
   Cast: Necrotise         |    70 |    44 |    23 ||   137
         Vampiric Draining |       |    10 |    15 ||    25
   Stab: Sleeping          |     1 |       |       ||     1
 Armour: Robe              |    29 |       |       ||    29
         Ring mail         |    14 |    37 |    55 ||   106
  Dodge: Dodged            |    34 |    24 |    22 ||    80
